 Dungeon Crawl Stone Soup version 0.21-a0-265-gb353147 (webtiles) character file.

14 4thArraOfDagon the Sneak (level 2, -3/19 HPs)
             Began as a Vampire Fire Elementalist on Sept 11, 2017.
             Slain by a goblin (4 damage)
             ... led by Robin
             ... on level 2 of the Dungeon.
             The game lasted 00:01:38 (300 turns).

4thArraOfDagon the Sneak (Vampire Fire Elementalist) Turns: 300, Time: 00:01:39

Health: -3/19      AC:  2    Str:  7    XL:     2   Next: 31%
Magic:  0/5        EV: 12    Int: 17    God:
Gold:   57         SH:  0    Dex: 14    Spells: 4/5 levels left

rFire    . . .     SeeInvis +   (no weapon)
rCold    . . .     Gourm    .   (no shield)
rNeg     . . .     Faith    .   a - +0 robe
rPois    .         Spirit   .   (no helmet)
rElec    .         Reflect  .   (no cloak)
rCorr    .         Harm     .   (no gloves)
MR       .....                  (no boots)
Stlth    ++........             (no amulet)
HPRegen  0.26/turn              (no ring)
MPRegen  0.09/turn              (no ring)

@: very slightly contaminated, regenerating quickly
A: fangs 3, see invisible, unbreathing
a: no special abilities


You were on level 2 of the Dungeon.
You were very full.

You visited 1 branch of the dungeon, and saw 3 of its levels.

You collected 57 gold pieces.

Inventory:

Hand Weapons
 d - a +0 hand axe
Armour
 a - a +0 robe (worn)
Potions
 f - a potion of heal wounds
Books
 b - a book of Flames

   Spells                             Type                      Level
   a - Flame Tongue                   Conjuration/Fire             1
   b - Throw Flame                    Conjuration/Fire             2
   c - Conjure Flame                  Conjuration/Fire             3
   d - Inner Flame                    Hexes/Fire                   3
   e - Sticky Flame                   Conjuration/Fire             4
   f - Fireball                       Conjuration/Fire             5


   Skills:
 - Level 2.1 Dodging
 - Level 3.0 Stealth
 + Level 2.3 Spellcasting
 * Level 1.2 Conjurations
 * Level 2.5 Fire Magic


You had 4 spell levels left.
You knew the following spells:

 Your Spells              Type           Power        Failure   Level  Hunger
a - Flame Tongue          Conj/Fire      #....        9%          1    #......


Dungeon Overview and Level Annotations

Branches:
Dungeon (3/15)

Altars:

Annotations:
D:2 Robin


Innate Abilities, Weirdness & Mutations

Your natural rate of healing is unusually fast.
You have razor-sharp teeth.
You have supernaturally acute eyesight. (SInv)
You can survive without breathing.


Message History

Confirm with . or Enter, or press ? or * to list all spells.
Aiming: Flame Tongue
Press: ? - help, Shift-Dir - straight line, f/p - goblin
Aim: a goblin, wielding a club (severely wounded, unusually strong)
The flame tongue misses the goblin.
The goblin hits you. The goblin hits you with a club!
* * * LOW HITPOINT WARNING * * *
The goblin misses you.
A frilled lizard comes into view.
Unknown command.
Casting: Flame Tongue
Confirm with . or Enter, or press ? or * to list all spells.
Aiming: Flame Tongue
Press: ? - help, Shift-Dir - straight line, f/p - goblin
Aim: a goblin, wielding a club (severely wounded, unusually strong)
The flame tongue misses the goblin.
The flame tongue hits the frilled lizard.
You kill the frilled lizard!
The goblin hits you.
You die... #########. #g@ggggg.# #g#######. .†g ####

You could see Robin, a hobgoblin and 6 goblins.

Vanquished Creatures
  An ooze (D:3)
  An orc (D:3)
  A goblin (D:3)
  A kobold (D:1)
  2 bats
  2 frilled lizards
  2 rats (D:1)
10 creatures vanquished.

Vanquished Creatures (others)
  A rat (D:3)
1 creature vanquished.

Grand Total: 11 creatures vanquished

Notes
Turn   | Place    | Note
-------+----------+-------------------------------------------
     0 | D:1      | 4thArraOfDagon the Vampire Fire Elementalist began the quest for the Orb.
     0 | D:1      | Reached XP level 1. HP: 13/13 MP: 3/3
   159 | D:2      | Reached skill level 1 in Conjurations
   204 | D:3      | Reached XP level 2. HP: 12/19 MP: 0/5
   295 | D:2      | Noticed Robin
   300 | D:2      | Slain by a goblin

Vault maps used:
D:1:      onia_arrival_pyramid
D:2:      bloody_trog, uniq_robin
D:3:      fiery_altar_vehumet, chequers_ecumenical_altar_simple

Skill      XL: |  1 |
---------------+----+-----
Conjurations   | 1 |  1.2
Dodging        | |  2.1
Stealth        | |  3.0
Spellcasting   | |  2.3
Fire Magic     | |  2.5

Action                   || total
-------------------------++-------
Melee: Unarmed           ||     6
 Cast: Flame Tongue      ||    16
  Use: Scroll            ||     1
       Potion            ||     1
  Eat: Corpse            ||     4
Armor: Robe              ||     5
Dodge: Dodged            ||    13

Table legend:
 A = Spawn XP
 B = Non-spawn XP
 C = Spawn XP percentage of total XP
 D = Spawn monster count
 E = Non-spawn monster count
 F = Spawn count percentage of total count
 G = Total turns spent on level
                    A         B        C        D         E        F      G
               +---------+---------+-------+---------+---------+-------+---------
         Total |       0 |      21 |   0.0 |       0 |      10 |   0.0 |   300
               +---------+---------+-------+---------+---------+-------+---------
           D:1 |       0 |       5 |   0.0 |       0 |       4 |   0.0 |   158
           D:2 |       0 |       2 |   0.0 |       0 |       2 |   0.0 |    43
           D:3 |       0 |      14 |   0.0 |       0 |       4 |   0.0 |    99
               +---------+---------+-------+---------+---------+-------+---------
